AoeStats
← Morrión

MegaRandom

508456974Analyzed
2v2 RM · 11d ago on Sep 22, 2026· 57m 4s· 4 players
Game mode
Random Map
Map size
Medium (4 player)
Population
200
Speed
Normal
Resources
Standard
Victory
Conquest
Starting age
Dark Age
Ending age
Imperial Age
RankedLock teamsTeams togetherTeam positionsShared explorationLock speedFull tech treeHidden civsTurbo modeCheats
Victory
Defeat
🇪🇸 Bohemians · Spain
1374
+19
🇪🇸 Magyars · Spain
1374
+19
🇺🇸 Turks · United States
1435
-19
🇵🇰 Wu · Pakistan
1434
-19
Morrión
7:30 Loom
12:00 Feudal Age
17:11 Castle Age
17:35 Scale Barding Armor
17:25 Double-Bit Axe
17:59 Horse Collar
21:05 Husbandry
23:04 Bloodlines
25:57 Heavy Plow
29:27 Light Cavalry
30:32 Chain Barding Armor
31:42 Wheelbarrow
33:22 Fletching
37:57 Corvinian Army
39:06 Hand Cart
41:02 Bodkin Arrow
43:36 Town Watch
44:27 Masonry
juanca12
11:06 Feudal Age
14:57 Castle Age
14:04 Double-Bit Axe
15:27 Horse Collar
15:51 Town Watch
19:51 Bow Saw
23:16 Wheelbarrow
27:02 Hand Cart
32:08 Imperial Age
31:25 Heavy Plow
33:26 Chemistry
34:01 Conscription
35:22 Loom
35:06 Elite Hussite Wagon
39:19 Wagenburg Tactics
40:17 Siege Engineers
superzaiyen
6:30 Loom
9:02 Feudal Age
9:34 Double-Bit Axe
9:32 Horse Collar
18:07 Castle Age
16:28 Stone Mining
19:13 Bow Saw
20:48 Bloodlines
22:09 Heavy Plow
36:51 Wheelbarrow
40:02 Fletching
42:02 Bodkin Arrow
45:52 Gold Mining
53:08 Hand Cart
53:53 Husbandry
55:34 Thumb Ring
55:52 Ballistics
Basil The Macedonian
2:01 Loom
8:02 Loom
9:47 Feudal Age
14:58 Castle Age
13:07 Horse Collar
13:56 Double-Bit Axe
15:19 Town Watch
15:51 Heavy Plow
17:04 Wheelbarrow
16:59 Bow Saw
21:00 Squires
24:07 Pikeman
30:09 Scale Mail Armor
33:23 Chain Mail Armor
33:18 Forging
37:57 Imperial Age
36:39 Iron Casting
38:47 Hand Cart
39:13 Conscription
39:26 Arson
40:12 Plate Mail Armor
40:47 Blast Furnace
39:44 Halberdier
42:20 Onager
50:32 Sitting Tiger
Connection lost

Rejoining the realm…

Still unreachable

The connection could not be restored.

Session expired

The server has moved on; the page needs a fresh start.